 Dungeon Crawl Stone Soup version 0.17-a0-1954-g0dddeaa (webtiles) character file.

64 Gallahalt the Digger (level 3, 0/27 HPs)
             Began as a Draconian Earth Elementalist on Sept 20, 2015.
             Slain by a hobgoblin
             ... wielding a +0 club
              (2 damage)
             ... on level 2 of the Dungeon on Oct 3, 2015.
             The game lasted 00:27:14 (1608 turns).

Gallahalt the Digger (Draconian Earth Elementalist) Turns: 1608, Time: 00:27:14

Health: 0/27       AC:  7    Str:  9 (10) XL:     3   Next: 91%
Magic:  6/6        EV: 12    Int: 19      God:
Gold:   71         SH:  0    Dex: 11      Spells: 2 memorised, 4 levels left

rFire  . . .     SeeInvis .     v - +1 mace (holy)
rCold  . . .     Clarity  .     (armour unavailable)
rNeg   . . .     SustAt   .     (no shield)
rPois  .         Gourm    .     (helmet restricted)
rElec  .         Spirit   .     (no cloak)
rCorr  .         Warding  .     (no gloves)
rMut   .         Stasis   .     s - +1 pair of boots
MR     .....                    (no amulet)
Stlth  ++........               (no ring)
                                u - +3 ring of intelligence

@: slowed, very slow, not resistant to hostile enchantments, unstealthy
A: unfitting armour, cold-blooded, AC +5
a: no special abilities


You were on level 2 of the Dungeon.
You were not hungry.

You visited 1 branch of the dungeon, and saw 2 of its levels.

You collected 71 gold pieces.

Inventory:

Hand weapons
 g - a +0 short sword
 n - a +0 hunting sling
 t - a -2 dagger
 v - a +1 mace of holy wrath (weapon)
Missiles
 a - 51 stones
 r - 2 large rocks (quivered)
Armour
 s - a +1 pair of boots (worn)
Jewellery
 u - a +3 ring of intelligence (left hand)
Scrolls
 l - 3 scrolls of remove curse
Potions
 d - a potion of flight
 m - 3 potions of degeneration
Books
 b - a book of Geomancy

   Spells                             Type                      Level
   a - Sandblast                      Earth                        1
   b - Stoneskin                      Transmutation/Earth          2
   c - Passwall                       Transmutation/Earth          3
   d - Stone Arrow                    Conjuration/Earth            3
   e - Petrify                        Transmutation/Earth          4
   f - Lee's Rapid Deconstruction     Earth                        5
Comestibles
 i - a meat ration
 j - 3 fruits
 q - a slice of pizza


   Skills:
 + Level 0.7 Fighting
 + Level 0.4 Short Blades
 + Level 2.1 Dodging
 + Level 1.9 Stealth
 + Level 2.6 Spellcasting
 + Level 1.0 Transmutations
 + Level 3.9 Earth Magic


You had 4 spell levels left.
You knew the following spells:

 Your Spells              Type           Power        Failure   Level  Hunger
a - Sandblast             Erth           ###...       3%          1    #......
b - Stoneskin             Trmt/Erth      ##......     10%         2    ##.....


Dungeon Overview and Level Annotations

Branches:
Dungeon (2/15)

Altars:


Innate Abilities, Weirdness & Mutations

Your plain brown scales are hard (AC +5).
Your body does not fit into most forms of armour.
You are cold-blooded and may be slowed by cold attacks.


Message History

Natasha is almost dead.
Your skin feels tender.
Natasha claws you but does no damage. Natasha completely misses you.
You barely miss Natasha.
Natasha is almost dead.
Natasha claws you!
* * * LOW HITPOINT WARNING * * *
The crimson imp barely misses you. Natasha claws you.
* * * LOW HITPOINT WARNING * * *
The crimson imp grinds its teeth.
The crimson imp blinks!
You hit Natasha.
You kill Natasha!
Natasha screams in pain as she dies!
Your Dodging skill increases to level 2!
The crimson imp disappears in a puff of smoke!
The iron imp disappears in a puff of smoke!
The crimson imp disappears in a puff of smoke!
The hobgoblin hits you with a club.
You die...

#.# #.# #.# #.# #####.# #.#
#.# #.#
......########.######.# #.#
##.........h.......##.# #.#
#.##.##..####.###.##.###.#
#.##.##..# #.# #.#...##.#
......(...# #.# #........#
##.##.##..####§#####§..##.#
#.##.........§g@....>###.#
#.............######## #.(
############### ####


You could see a hobgoblin.

Vanquished Creatures
  Natasha (D:2)
  An adder (D:2)
  An ooze (D:1)
  A giant gecko (D:2)
  2 goblins (D:1)
  4 hobgoblins (D:1)
  A jackal (D:1)
  A quokka (D:2)
  3 bats
  7 giant newts (D:1)
  3 kobolds (D:1)
  2 rats (D:1)
27 creatures vanquished.

Notes
Turn   | Place    | Note
--------------------------------------------------------------
     0 | D:1      | Gallahalt the Draconian Earth Elementalist began the quest for the Orb.
     0 | D:1      | Reached XP level 1. HP: 14/14 MP: 3/3
   228 | D:1      | Upgraded the game from 0.17-a0-1870-g9780164 to 0.17-a0-1954-g0dddeaa
   352 | D:1      | Reached XP level 2. HP: 15/20 MP: 3/5
   764 | D:1      | Learned a level 2 spell: Stoneskin
  1217 | D:2      | Reached XP level 3. HP: 18/27 MP: 1/6
  1372 | D:2      | Noticed Natasha
  1608 | D:2      | Killed Natasha
  1608 | D:2      | Slain by a hobgoblin

Vault maps used:
D:1:      scummos_arrival_simple_crosswalls, st_stairs_1, minmay_misc_feat_x,
          minmay_newt_pond
D:2:      uniq_iyjb, uniq_crazy_yiuf_cottage, uniq_natasha

Action                   || total
-------------------------++-------
Melee: Short sword       ||    45
       Unarmed           ||     3
       Dagger            ||    32
       Mace              ||    17
 Cast: Sandblast         ||    30
       Stoneskin         ||     2
  Use: Potion            ||     5
       Scroll            ||     6
  Eat: Bread ration      ||     1
